 Dungeon Crawl Stone Soup version 0.22-a0-430-g6609fc6 (webtiles) character file.

2032 wazuzu the Magician (level 9, -3/69 HPs)
             Began as a Gnoll Skald on May 26, 2018.
             Slain by an unseen horror (8 damage)
             ... on level 6 of the Dungeon.
             The game lasted 00:18:42 (5115 turns).

wazuzu the Magician (Gnoll Skald)                   Turns: 5115, Time: 00:18:43

Health: -3/69      AC: 10    Str: 16 (17) XL:     9   Next: 24%
Magic:  18/18      EV: 18    Int: 13 (15) God:
Gold:   350        SH:  0    Dex: 13 (15) Spells: 14/20 levels left

rFire    + . .     SeeInvis .   r - +1 trident
rCold    + . .     Gourm    .   (no shield)
rNeg     . . .     Faith    .   n - +1 ring mail {rC+}
rPois    .         Spirit   .   (no helmet)
rElec    .         Reflect  .   (no cloak)
rCorr    .         Harm     .   (no gloves)
MR       .....                  e - +2 pair of boots
Stlth    ++........             (no amulet)
HPRegen  0.21/turn              w - ring of protection from fire
MPRegen  0.16/turn              h - +4 ring of evasion

@: about to teleport, hasted, very quick
A: distributed training, fangs 1, strong nose
a: no special abilities


You were on level 6 of the Dungeon.
You were hungry.

You visited 1 branch of the dungeon, and saw 6 of its levels.
You also visited: Ossuary.

You collected 350 gold pieces.

Inventory:

Hand Weapons
 r - a +1 trident (weapon)
Missiles
 j - 186 stones (quivered)
Armour
 e - a +2 pair of boots (worn)
 n - a +1 ring mail of cold resistance (worn)
Jewellery
 h - a +4 ring of evasion (right hand)
 w - a ring of protection from fire (left hand)
 x - an uncursed ring of resist corrosion
 A - a cursed ring of loudness {unknown}
 E - an uncursed ring of stealth {unknown}
Wands
 D - a wand of paralysis (11)
Scrolls
 c - a scroll of fog
 f - 3 scrolls of identify
 g - a scroll of enchant weapon
 i - a scroll of amnesia
 k - 3 scrolls of teleportation
 y - a scroll of fear
 C - 3 scrolls of blinking {unknown}
 F - a scroll of noise {unknown}
Potions
 a - a potion of might {unknown}
 b - a potion of lignification {unknown}
 l - a potion of degeneration
 m - a potion of flight {unknown}
 o - 2 potions of curing
 p - 2 potions of mutation
 q - a potion of magic {unknown}
 s - 2 potions of heal wounds {unknown}
 t - a potion of invisibility {unknown}
 u - a potion of haste
 v - 2 potions of ambrosia {unknown}
 z - a potion of berserk rage {unknown}
 G - a potion of agility {unknown}
Comestibles
 d - 15 rations
 B - a chunk of flesh


   Skills:
 + Level 6.1 Fighting
 + Level 4.0 Short Blades
 + Level 4.0 Long Blades
 + Level 4.0 Axes
 + Level 4.0 Maces & Flails
 + Level 6.1 Polearms
 + Level 4.0 Staves
 + Level 4.0 Slings
 + Level 4.0 Bows
 + Level 4.0 Crossbows
 + Level 4.0 Throwing
 + Level 4.8 Armour
 + Level 6.1 Dodging
 + Level 4.0 Stealth
 + Level 4.0 Shields
 + Level 4.0 Unarmed Combat
 + Level 6.4 Spellcasting
 + Level 3.2 Conjurations
 + Level 3.2 Hexes
 + Level 6.4 Charms
 + Level 3.2 Summonings
 + Level 3.2 Necromancy
 + Level 3.2 Translocations
 + Level 3.2 Transmutations
 + Level 3.2 Fire Magic
 + Level 3.2 Ice Magic
 + Level 3.2 Air Magic
 + Level 3.2 Earth Magic
 + Level 3.2 Poison Magic
 + Level 4.3 Invocations
 + Level 4.0 Evocations


You had 14 spell levels left.
You knew the following spells:

 Your Spells              Type           Power        Failure   Level  Hunger
r - Regeneration          Chrm/Necr      ###.......   12%         3    ###....
s - Spectral Weapon       Hex/Chrm       ###.....     12%         3    ###....

Your spell library contained the following spells:

 Spells                   Type           Power        Failure   Level  Hunger
 Apportation              Tloc           ##....       8%          1    None
 Summon Small Mammal      Summ           ##..         8%          1    None
 Animate Skeleton         Necr           N/A          8%          1    None
 Confusing Touch          Hex            ##....       8%          1    None
 Shroud of Golubria       Chrm/Tloc      ###.......   6%          2    #......
 Infusion                 Chrm           ###.         1%          1    None
 Song of Slaying          Chrm           ###.....     3%          2    #......


Dungeon Overview and Level Annotations

Branches:
Dungeon (6/15)
 Temple: D:4-7

Altars:
Dithmenos
Elyvilon
Ru
Uskayaw
Vehumet

Annotations:
D:3 Natasha


Innate Abilities, Weirdness & Mutations

Your experience applies equally to all skills.
You have very sharp teeth.
Your uncanny sense of smell can sniff out nearby items.


Message History

Something hits you.
* * * LOW HITPOINT WARNING * * *
It was a potion of haste.
You feel yourself speed up. Something barely misses you.
Something hits you but does no damage. Something barely misses you.
Something hits you but does no damage. Something hits you.
* * * LOW HITPOINT WARNING * * *
You feel better. Something hits you.
* * * LOW HITPOINT WARNING * * *
Something hits you.
* * * LOW HITPOINT WARNING * * *
Something hits you but does no damage. Something hits you but does no damage.
Something hits you but does no damage. Something barely misses you.
As you read the scroll of teleportation, it crumbles to dust.
You feel strangely unstable. Something hits you!
You die...

.#.##............#......).#......
.#.#.....#.......#...##))#######.
.#.#######...#...##..##### #.
.#.###########.####### #.
.#.............# #.
.############### ######'
..........######## #......
.................# #......
.########.######@# #...... .#...#
#.# #.# #...... .#.#.####.# #.#
#...... .#(#......# ∆ #.# #......
.#.#......# #+# #......
..(#......# #...... .#........# #
∆ #...... +#+#......#!# #......
............# #......


There were no monsters in sight!

Vanquished Creatures
  Pikel (D:4)
  The ghost of Veiltonx the Conjurer, an amateur DECj (D:4)
  Edmund (D:4)
  An orc warrior (D:6)
  An ice beast (D:5)
  A slave (D:4)
  2 centaurs
  Blork the orc (D:4)
  2 crimson imps
  A jelly (D:5)
  2 iguanas
  5 orc wizards
  Natasha (D:3)
  5 worker ants
  14 mummies (Ossuary)
  A worker ant zombie (D:5)
  7 gnolls
  4 adders
  A shadow imp (D:6)
  2 oozes
  An adder zombie (D:5)
  2 adder skeletons
  A worm (D:4)
  5 dart slugs
  2 leopard geckos
  17 orcs
  7 bats
  6 giant cockroaches
  7 goblins
  7 hobgoblins
  9 jackals
  5 kobolds
  4 quokkas
  A ball python (D:2)
  3 frilled lizards
  3 gnoll skeletons (Ossuary)
  2 goblin skeletons (Ossuary)
  A kobold skeleton (Ossuary)
  2 orc skeletons (Ossuary)
  3 rats
  11 rat skeletons (Ossuary)
153 creatures vanquished.

Vanquished Creatures (others)
  2 spectral weapons
2 creatures vanquished.

Grand Total: 155 creatures vanquished

Notes
Turn   | Place    | Note
-------+----------+-------------------------------------------
     0 | D:1      | wazuzu the Gnoll Skald began the quest for the Orb.
     0 | D:1      | Reached XP level 1. HP: 20/20 MP: 6/6
    53 | D:1      | Reached XP level 2. HP: 24/26 MP: 7/7
   242 | D:1      | Reached XP level 3. HP: 31/31 MP: 9/9
   249 | D:1      | Reached skill level 5 in Spellcasting
   273 | D:1      | Learned a level 3 spell: Regeneration
   277 | D:1      | Learned a level 3 spell: Spectral Weapon
   417 | D:1      | Reached skill level 1 in Invocations
   928 | D:2      | Reached skill level 1 in Short Blades
   928 | D:2      | Reached skill level 1 in Long Blades
   928 | D:2      | Reached skill level 1 in Axes
   928 | D:2      | Reached skill level 1 in Maces & Flails
   928 | D:2      | Reached skill level 1 in Staves
   928 | D:2      | Reached skill level 1 in Slings
   928 | D:2      | Reached skill level 1 in Bows
   928 | D:2      | Reached skill level 1 in Crossbows
   928 | D:2      | Reached skill level 1 in Throwing
   928 | D:2      | Reached skill level 1 in Stealth
   928 | D:2      | Reached skill level 1 in Shields
   928 | D:2      | Reached skill level 1 in Unarmed Combat
   928 | D:2      | Reached skill level 1 in Evocations
   928 | D:2      | Reached XP level 4. HP: 23/38 MP: 11/11
  1086 | D:2      | Reached skill level 1 in Conjurations
  1086 | D:2      | Reached skill level 1 in Hexes
  1086 | D:2      | Reached skill level 1 in Summonings
  1086 | D:2      | Reached skill level 1 in Necromancy
  1086 | D:2      | Reached skill level 1 in Translocations
  1086 | D:2      | Reached skill level 1 in Transmutations
  1086 | D:2      | Reached skill level 1 in Fire Magic
  1086 | D:2      | Reached skill level 1 in Ice Magic
  1086 | D:2      | Reached skill level 1 in Air Magic
  1086 | D:2      | Reached skill level 1 in Earth Magic
  1086 | D:2      | Reached skill level 1 in Poison Magic
  1382 | D:3      | Found a shadowy altar of Dithmenos.
  1429 | D:3      | Reached XP level 5. HP: 39/43 MP: 8/12
  1470 | D:3      | Found a white marble altar of Elyvilon.
  1471 | D:3      | Found a radiant altar of Vehumet.
  1730 | D:3      | Noticed Natasha
  1742 | D:3      | Killed Natasha
  2157 | D:3      | Noticed Natasha
  2215 | D:4      | Noticed Edmund
  2220 | D:4      | Noticed a slave
  2224 | D:4      | Noticed a slave
  2227 | D:4      | Killed Edmund
  2227 | D:4      | Reached skill level 5 in Fighting
  2227 | D:4      | Reached skill level 5 in Polearms
  2227 | D:4      | Reached skill level 5 in Dodging
  2227 | D:4      | Reached XP level 6. HP: 45/51 MP: 11/14
  2237 | D:4      | Killed a slave
  2237 | D:4      | Noticed Pikel
  2243 | D:4      | Noticed a slave
  2250 | D:4      | Killed Pikel
  2250 | D:4      | Reached XP level 7. HP: 27/56 MP: 11/15
  2342 | D:4      | Noticed Blork the orc
  2348 | D:4      | Reached XP level 8. HP: 58/63 MP: 13/16
  2351 | D:4      | Killed Blork the orc
  2449 | D:4      | Noticed Veiltonx's ghost (amateur DECj)
  2468 | D:4      | Killed Veiltonx's ghost
  2928 | D:5      | Entered Level 5 of the Dungeon
  2939 | D:5      | Found a sand-covered staircase.
  2945 | Ossuary  | Entered an ossuary
  3350 | D:5      | Noticed a hand axe
  3351 | D:5      | Noticed a hand axe
  3354 | D:5      | Found a hide-covered altar of Uskayaw.
  3900 | D:5      | Reached XP level 9. HP: 69/69 MP: 18/18
  4230 | D:6      | Found a sacrificial altar of Ru.
  5115 | D:6      | Slain by an unseen horror

Vault maps used:
D:1:      scummos_arrival_forest, st_stairs_13
D:3:      grunt_temple_overflow_open, uniq_natasha
D:4:      first_ration, uniq_edmund, uniq_pikel, uniq_blork_the_orc
D:5:      dancing_weapons_uskayaw, serial_glass, glass_columns_c,
          glass_columns_b, nicolae_ossuary_entry_plus
D:6:      basic_altar, serial_bayou_pond_b, lightli_orcish_oven
Ossuary:  ossuary_due_small_catacomb

Skill      XL: |  1  2  3  4  5  6  7  8  9 |
---------------+----------------------------+-----
Spellcasting   | 5 6 |  6.4
Invocations    | 1 2 3 4 |  4.3
Short Blades   | 1 2 3 4 |  4.0
Long Blades    | 1 2 3 4 |  4.0
Axes           | 1 2 3 4 |  4.0
Maces & Flails | 1 2 3 4 |  4.0
Staves         | 1 2 3 4 |  4.0
Slings         | 1 2 3 4 |  4.0
Bows           | 1 2 3 4 |  4.0
Crossbows      | 1 2 3 4 |  4.0
Throwing       | 1 2 3 4 |  4.0
Stealth        | 1 2 3 4 |  4.0
Shields        | 1 2 3 4 |  4.0
Unarmed Combat | 1 2 3 4 |  4.0
Evocations     | 1 2 3 4 |  4.0
Conjurations   | 1 2 3 |  3.2
Hexes          | 1 2 3 |  3.2
Summonings     | 1 2 3 |  3.2
Necromancy     | 1 2 3 |  3.2
Translocations | 1 2 3 |  3.2
Transmutations | 1 2 3 |  3.2
Fire Magic     | 1 2 3 |  3.2
Ice Magic      | 1 2 3 |  3.2
Air Magic      | 1 2 3 |  3.2
Earth Magic    | 1 2 3 |  3.2
Poison Magic   | 1 2 3 |  3.2
Armour         | 3 4 |  4.8
Fighting       | 5 6 |  6.1
Polearms       | 5 6 |  6.1
Dodging        | 5 6 |  6.1
Charms         | 6 |  6.4

Action                   |  1- 3 |  4- 6 |  7- 9 || total
-------------------------+-------+-------+-------++-------
Melee: Spear             |   110 |    92 |       ||   202
       Bite              |    14 |     9 |    31 ||    54
       Punch             |     2 |     1 |     3 ||     6
       Trident           |       |    57 |   284 ||   341
Throw: Stone             |     1 |     1 |     2 ||     4
 Cast: Spectral Weapon   |       |     7 |    12 ||    19
       Regeneration      |       |     4 |     9 ||    13
  Use: Scroll            |       |     1 |    12 ||    13
       Potion            |       |       |     4 ||     4
 Stab: Sleeping          |       |     1 |    11 ||    12
       Distracted        |       |     2 |       ||     2
  Eat: Chunk             |       |     5 |     8 ||    13
       Ration            |       |       |     1 ||     1
Armor: Leather armour    |    16 |    20 |       ||    36
       Ring mail         |       |    13 |    51 ||    64
Dodge: Dodged            |    56 |    76 |   134 ||   266

Table legend:
 A = Spawn XP
 B = Non-spawn XP
 C = Spawn XP percentage of total XP
 D = Spawn monster count
 E = Non-spawn monster count
 F = Spawn count percentage of total count
 G = Total turns spent on level
                    A         B        C        D         E        F      G
               +---------+---------+-------+---------+---------+-------+---------
         Total |       0 |    2904 |   0.0 |       0 |     151 |   0.0 |  5115
               +---------+---------+-------+---------+---------+-------+---------
           D:1 |       0 |      71 |   0.0 |       0 |      29 |   0.0 |   856
           D:2 |       0 |      75 |   0.0 |       0 |      13 |   0.0 |   512
           D:3 |       0 |     156 |   0.0 |       0 |      26 |   0.0 |   819
           D:4 |       0 |    1296 |   0.0 |       0 |      11 |   0.0 |   741
           D:5 |       0 |     548 |   0.0 |       0 |      19 |   0.0 |   902
           D:6 |       0 |     488 |   0.0 |       0 |      21 |   0.0 |   889
       Ossuary |       0 |     270 |   0.0 |       0 |      32 |   0.0 |   396
               +---------+---------+-------+---------+---------+-------+---------
